 Dungeon Crawl Stone Soup version 0.29.1-1-gd02db6906a (webtiles) character file.

Game seed: 2659464381763938630

74 sentinel the Digger (level 4, -4/33 HPs)
             Began as a Meteoran Earth Elementalist on Sept 29, 2022.
             Slain by an orc priest
             ... wielding a +0 flail
              (6 damage)
             ... on level 5 of the Dungeon.
             The game lasted 00:05:52 (486 turns).

sentinel the Digger (Meteoran Earth Elementalist)    Turns: 486, Time: 00:05:53

Health: -4/33      AC:  5    Str:  9    XL:     4   Next: 84%
Magic:  2/10       EV: 12    Int: 18    God:
Gold:   0          SH:  0    Dex: 15    Spells: 2/9 levels left

rFire   . . .      SeeInvis .   h - +1 dagger (venom)
rCold   . . .      Faith    .   (no shield)
rNeg    . . .      Spirit   .   a - +0 robe
rPois   .          Reflect  .   i - +2 helmet of Ashenzari's Fury {Harm Rampage Will+ Slay-3}
rElec   .          Harm     +   (no cloak)
rCorr   .          Rampage  +   (no gloves)
Will    +....                   (no boots)
Stlth   +.........              (no amulet)
HPRegen 0.11/turn               (no ring)
MPRegen 0.12/turn               (no ring)

@: glowing
A: sense surroundings 1, otherworldly, glowing, explore regen
a: no special abilities


You were on level 5 of the Dungeon.
You visited 1 branch of the dungeon, and saw 5 of its levels.

Inventory:

Hand Weapons
 h - a +1 dagger of venom (weapon)
Armour
 a - a +0 robe (worn)
 i - the +2 helmet of Ashenzari's Fury (worn) {Harm Rampage Will+ Slay-3}
   (You took it off Robin on level 3 of the Dungeon)

   Slay:      It affects your accuracy & damage with ranged weapons and melee
   (-3).
   Harm:      It increases damage dealt and taken.
   Rampage:   It bestows one free step when moving towards enemies.
   Will:      It increases your willpower.
 l - a +0 ring mail
Scrolls
 c - 2 scrolls of fog {unknown}
 d - a scroll of immolation {unknown}
 f - 4 scrolls of identify {unknown}
 g - 2 scrolls of noise {unknown}
 k - 2 scrolls of teleportation {unknown}
 m - a scroll of magic mapping {unknown}
Potions
 b - 2 potions of magic
 e - 2 potions of curing {unknown}
 j - a potion of heal wounds {unknown}


   Skills:
 - Level 2.4 Dodging
 - Level 1.4 Stealth
 + Level 3.3 Spellcasting
 * Level 2.1 Conjurations
 - Level 1.5 Translocations
 - Level 1.2 Transmutations
 + Level 4.7 Earth Magic


You had 2 spell levels left.
You knew the following spells:

 Your Spells              Type           Power      Damage    Failure   Level
a - Sandblast             Erth           40%        2d10      2%          1
b - Stone Arrow           Conj/Erth      30%        3d8       12%         3
c - Passwall              Tmut/Erth      10%        N/A       7%          2
g - Apportation           Tloc           16%        N/A       9%          1

Your spell library contained the following spells:

 Spells                   Type           Power      Damage    Failure   Level
 Sting                    Tmut/Pois      20%        1d4       12%         1
 Necrotise                Necr           12%        1d4       16%         1
 Summon Small Mammal      Summ           12%        N/A       16%         1
 Poisonous Vapours        Pois/Air       6%         N/A       24%         2
 Conjure Flame            Conj/Fire      6%         6-21      30%         3
 Ignite Poison            Fire/Tmut/Pois 4%         N/A       36%         3
 Petrify                  Tmut/Erth      13%        N/A       41%         4
 Sticky Flame             Conj/Fire      6%         2d3       71%         4
 Olgreb's Toxic Radiance  Pois           3%         N/A       83%         4


Dungeon Overview and Level Annotations

Branches:
Dungeon (5/15) Zot: 2479
 Temple: D:4-7

Altars:


Innate Abilities, Weirdness & Mutations

You passively map a small area around you.
You are easily found by Zot.
You glow in the dark.
You regain HP and MP as you explore.


Message History

Aiming: Passwall (safe; 7% risk of failure)
Press: ? - help, Dir - move target A rock wall.
Something is blocking your path through the rock.
Casting: Passwall (safe; 7% risk of failure)
Confirm with . or Enter, or press ? or * to list all spells.
Aiming: Passwall (safe; 7% risk of failure)
Press: ? - help, Dir - move target A rock wall.
Okay, then.
Casting: Passwall (safe; 7% risk of failure)
Confirm with . or Enter, or press ? or * to list all spells.
Aiming: Passwall (safe; 7% risk of failure)
Press: ? - help, Dir - move target A rock wall.
Something is blocking your path through the rock.
Your magical contamination has completely faded away.
Casting: Passwall (safe; 7% risk of failure)
Confirm with . or Enter, or press ? or * to list all spells.
Aiming: Passwall (safe; 7% risk of failure)
Press: ? - help, Dir - move target A rock wall.
You begin to meditate on the wall.
You continue meditating on the rock. x2
You finish merging with the rock.
The blast of sand hits the orc!
You kill the orc!
Found a scroll labelled ANUH PIQOEQEOPHOP.
Found a stone staircase leading up.
Casting: Sandblast (safe; 2% risk of failure)
Confirm with . or Enter, or press ? or * to list all spells.
Aiming: Apportation (safe; 9% risk of failure)
Press: ? - help, Dir - move target Apport: a scroll labelled ANUH PIQOEQEOPHOP Yoink!
You pull the item towards yourself.
Casting: Apportation (safe; 9% risk of failure)
Confirm with . or Enter, or press ? or * to list all spells.
Aiming: Apportation (safe; 9% risk of failure)
Press: ? - help, Dir - move target Apport: a scroll labelled ANUH PIQOEQEOPHOP Yoink!
You pull the item towards yourself.
There are no items here.
Casting: Apportation (safe; 9% risk of failure)
Confirm with . or Enter, or press ? or * to list all spells.
Aiming: Apportation (safe; 9% risk of failure)
Press: ? - help, Dir - move target Apport: a scroll labelled ANUH PIQOEQEOPHOP Yoink!
You pull the item towards yourself.
k - 2 scrolls labelled ANUH PIQOEQEOPHOP (gained 1)
Found a falchion.
There is a stone staircase leading up here.
You climb upwards.
Magic restored.
Found a Young Poisoner's Handbook.
There is a stone staircase leading down here.
Casting: Apportation (safe; 9% risk of failure)
Confirm with . or Enter, or press ? or * to list all spells.
Aiming: Apportation (safe; 9% risk of failure)
Press: ? - help, Dir - move target Apport: a Young Poisoner's Handbook Yoink!
You pull the item towards yourself.
You see here a Young Poisoner's Handbook.
You pick up a Young Poisoner's Handbook and begin reading...
You add the spells Sting, Poisonous Vapours and Olgreb's Toxic Radiance to your library.
You can't memorise that many levels of magic yet!
Okay, then.
There is a stone staircase leading down here.
You climb downwards.
There is a stone staircase leading up here.
Okay, then.
Found a scroll labelled PIKI IZXUAT.
You see here a +0 falchion.
Casting: Apportation (safe; 9% risk of failure)
Confirm with . or Enter, or press ? or * to list all spells.
Aiming: Apportation (safe; 9% risk of failure)
Press: ? - help, Dir - move target Apport: a scroll labelled PIKI IZXUAT Yoink!
You pull the item towards yourself.
Casting: Apportation (safe; 9% risk of failure)
Confirm with . or Enter, or press ? or * to list all spells.
Aiming: Apportation (safe; 9% risk of failure)
Press: ? - help, Dir - move target Apport: a scroll labelled PIKI IZXUAT Yoink!
You pull the item towards yourself.
m - a scroll labelled PIKI IZXUAT You open the door.
Found a long sword.
There is an open door here.
A kobold comes into view. It is wielding a +0 dagger.
The kobold moves out of view.
The kobold shouts!
The kobold throws a stone.
The stone hits you but does no damage.
There is an open door here.
The blast of sand hits the kobold.
You kill the kobold!
Your Conjurations skill increases to level 2!
An endoplasm comes into view.
The endoplasm quivers.
You rampage towards the endoplasm!
The blast of sand hits the endoplasm.
You kill the endoplasm!
There is an open door here.
There is an open door here.
Found a stone staircase leading down.
There is a stone staircase leading down here.
There is a stone staircase leading down here.
You climb downwards.
The orc priest shouts!
The orc shouts! x2
There is a stone staircase leading up here.
The blast of sand hits the orc!
You kill the orc!
The blast of sand hits the orc!
You kill the orc!
The orc priest casts a cantrip, but nothing happens.
The blast of sand hits the orc priest but does no damage.
The orc wizard mumbles some strange words.
The orc wizard flickers and vanishes!
Deactivating autopickup; reactivate with Ctrl-A.
The blast of sand hits the orc priest.
The orc priest is moderately wounded.
The orc priest hits you with a +0 flail.
The blast of sand hits the orc priest but does no damage.
The orc priest is moderately wounded.
The orc priest invokes the aid of Beogh against you.
Pain shoots through your body!
The blast of sand hits the orc priest but does no damage.
The orc priest is moderately wounded.
The orc priest hits you with a +0 flail.
The orc priest hits you but does no damage.
The blast of sand hits the orc priest but does no damage.
The orc priest is moderately wounded.
The orc priest barely misses you.
The blast of sand hits the orc priest.
The orc priest is moderately wounded.
The orc priest mumbles some strange prayers to Beogh against you.
Beogh smites you! The orc priest misses you.
The blast of sand hits the orc priest but does no damage.
The orc priest is moderately wounded.
The orc priest hits you with a +0 flail.
The blast of sand hits the orc priest but does no damage.
The orc priest is moderately wounded.
The orc priest hits you with a +0 flail. x2
* * * LOW HITPOINT WARNING * * *
HP warning!
You are too injured to fight recklessly!
Casting: Sandblast (safe; 2% risk of failure)
Confirm with . or Enter, or press ? or * to list all spells.
You don't have enough magic to cast this spell.
You barely miss the orc priest.
The orc priest is moderately wounded.
The orc priest hits you with a +0 flail.
You die...

* * *
############## *
....))o@.....#
*#.########.....
, , .## * ,* **
,* , * *


You could see an orc priest.

Vanquished Creatures
  Robin (D:3)
  An adder (D:2)
  3 orcs
  2 ball pythons (D:1)
  3 bats
  3 endoplasms
  2 giant cockroaches
  4 hobgoblins
  3 jackals (D:2)
  A quokka (D:2)
  4 frilled lizards
  15 goblins
  4 kobolds
  2 rats
48 creatures vanquished.

Notes
Turn   | Place    | Note
-------+----------+-------------------------------------------
     0 | D:1      | sentinel the Meteoran Earth Elementalist began the quest
                  | for the Orb.
     0 | D:1      | Reached XP level 1. HP: 14/14 MP: 5/5
    34 | D:1      | Learned a level 1 spell: Apportation
    41 | D:1      | Reached skill level 4 in Earth Magic
    41 | D:1      | Reached XP level 2. HP: 19/20 MP: 2/6
    46 | D:1      | Learned a level 2 spell: Passwall
   122 | D:2      | Reached XP level 3. HP: 16/26 MP: 1/8
   127 | D:2      | Learned a level 3 spell: Stone Arrow
   173 | D:3      | Identified the +2 helmet of Ashenzari's Fury {Harm Rampage
                  | Will+ Slay-3}
   173 | D:3      | Noticed Robin
   182 | D:3      | Reached skill level 1 in Translocations
   184 | D:3      | Killed Robin
   185 | D:3      | Reached skill level 1 in Conjurations
   202 | D:2      | Reached XP level 4. HP: 28/33 MP: 2/9
   475 | D:5      | Entered Level 5 of the Dungeon
   486 | D:5      | Slain by an orc priest

Illustrated notes

Levels and vault maps discovered:
D:1:      wander_arrival_estate, layout_rooms
D:2:      layout_rooms, serial_corexii_hall, corexii_hall_statues_i,
          chequers_hall_statues_wall_a, chequers_hall_statues_wall_a,
          corexii_hall_statues_deadend, basic_altar, serial_bayou_pond_e
D:3:      minmay_thinvault, layout_rooms, grunt_gozag_breadcrumbs,
          ebering_ecumenical_altar_box, uniq_robin
D:4:      layout_gridville, nicolae_overflow_squiral
D:5:      layout_loops_ring, kennysheep_mini_moat,
          lemuel_mausoleum_altar_kikubaaqudgha, kennysheep_little_box,
          serial_bayou_crossing, uniq_blork_the_orc

Skill      XL: |  1  2  3  4 |
---------------+-------------+-----
Earth Magic    | 4 |  4.7
Spellcasting   | 3 |  3.3
Translocations | 1 |  1.5
Conjurations   | 1 2 |  2.1
Dodging        | |  2.4
Stealth        | |  1.4
Transmutations | |  1.2

Action                   |  1- 3 |  4- 6 || total
-------------------------+-------+-------++-------
Melee: Dagger            |       |     1 ||     1
 Cast: Sandblast         |    36 |    31 ||    67
       Apportation       |     2 |    11 ||    13
       Passwall          |       |     7 ||     7
Armor: Robe              |     7 |     9 ||    16
Dodge: Dodged            |    24 |    22 ||    46
